 Dungeon Crawl Stone Soup version 0.27.1-1-g398f81649c (webtiles) character file.

Game seed: 18352839021276760744

28 ZARRMARR the Conjurer (level 3, -8/22 HPs)
             Began as an Octopode Conjurer on Sept 11, 2021.
             Mangled by Terence (10 damage)
             ... on level 3 of the Dungeon.
             The game lasted 00:05:58 (2478 turns).

ZARRMARR the Conjurer (Octopode Conjurer)           Turns: 2478, Time: 00:05:59

Health: -8/22      AC:  1    Str:  6    XL:     3   Next: 12%
Magic:  0/6        EV: 10    Int: 21    God:
Gold:   134        SH:  0    Dex: 10    Spells: 0/6 levels left

rFire    . . .     SeeInvis .   (no weapon)
rCold    . . .     Faith    .   (no shield)
rNeg     . . .     Spirit   .   b - +0 hat
rPois    .         Reflect  .   (no amulet)
rElec    .         Harm     .   (no ring)
rCorr    .         Rampage  .   (no ring)
Will     .....                  (no ring)
Stlth    +++.......             (no ring)
HPRegen  0.07/turn              (no ring)
MPRegen  0.10/turn              (no ring)
                                (no ring)
                                (no ring)

@: constricted
A: almost no armour, amphibious, 8 rings, camouflage 1, gelatinous body 1,
(nimble swimmer 1), tentacles
a: no special abilities


You were on level 3 of the Dungeon.
You visited 1 branch of the dungeon, and saw 3 of its levels.

You collected 134 gold pieces.

Inventory:

Armour
 b - a +0 hat (worn)
Scrolls
 c - a scroll of enchant weapon
 d - 2 scrolls of teleportation
 e - a scroll of holy word
 f - 2 scrolls of noise {unknown}
 g - a scroll of fog {unknown}
Potions
 a - a potion of flight {unknown}


   Skills:
 + Level 0.6 Fighting
 + Level 2.2 Dodging
 + Level 3.0 Stealth
 * Level 2.2 Spellcasting
 * Level 4.2 Conjurations
 * Level 0.7 Earth Magic


You couldn't memorise any spells.
You knew the following spells:

 Your Spells              Type           Power      Damage    Failure   Level
a - Magic Dart            Conj           80%        1d7       2%          1
b - Searing Ray           Conj           40%        3d4       3%          2
c - Stone Arrow           Conj/Erth      24%        3d8       16%         3

Your spell library contained the following spells:

 Spells                   Type           Power      Damage    Failure   Level
 Foxfire                  Conj/Fire      44%        2x1d6     6%          1
 Conjure Flame            Conj/Fire      11%        6-21      19%         3
 Dazzling Flash           Conj/Hex       22%        N/A       19%         3
 Ignite Poison            Fire/Tmut/Pois 2%         N/A       41%         3
 Fulminant Prism          Conj/Hex       5%         3d7       52%         4
 Iskenderun's Mystic Bla  Conj/Tloc      11%        2d4       52%         4
 Sticky Flame             Conj/Fire      11%        2d3       52%         4
 Conjure Ball Lightning   Conj/Air       5%         3x3d6     100%        6
 Fire Storm               Conj/Fire      5%         8d2       100%        9


Dungeon Overview and Level Annotations

Branches:
Dungeon (3/15)

Altars:
Kikubaaqudgha

Annotations:
D:3 2 transporters, Terence; Yajnam's ghost, amateur DrWn


Innate Abilities, Weirdness & Mutations

You cannot wear most types of armour.
You are amphibious.
You can wear up to eight rings at the same time.
Your skin changes colour to match your surroundings (Stealth+).
Your rubbery body absorbs attacks. (AC +1, EV +1)
((You are camouflaged near water. (Stealth+)))
You have tentacles for arms and can constrict up to eight enemies at once.


Message History

Casting: Stone Arrow (extremely dangerous; 16% risk of failure)
Confirm with . or Enter, or press ? or * to list all spells.
You don't have enough magic to cast this spell.
There are no items here.
You tentacle-slap Terence but do no damage.
You grab Terence.
Terence is moderately wounded.
You constrict Terence, but do no damage.
The ball python barely misses you. The ball python closely misses you.
Terence hits you with a +0 hand axe!
You tentacle-slap Terence but do no damage.
Terence is moderately wounded.
You constrict Terence, but do no damage.
The ball python misses you. The ball python grabs you.
The ball python constricts you. Terence barely misses you.
You completely miss Terence.
Terence is moderately wounded.
You constrict Terence, but do no damage.
The ball python bites you. The ball python constricts you. Terence misses you.
The ogre shouts!
You tentacle-slap Terence but do no damage.
Terence is moderately wounded.
You constrict Terence, but do no damage.
The ball python misses you. The ball python constricts you.
Yajnam's ghost whispers, "The ORB doesn't exist."
Terence hits you with a +0 hand axe.
You tentacle-slap Terence.
Terence is moderately wounded.
You constrict Terence, but do no damage.
The ball python bites you.
* * * LOW HITPOINT WARNING * * *
The ball python constricts you.
* * * LOW HITPOINT WARNING * * *
The ball python bites you.
* * * LOW HITPOINT WARNING * * *
The ball python constricts you.
* * * LOW HITPOINT WARNING * * *
Yajnam's ghost wails.
Terence hits you with a +0 hand axe!
You die...

##########.# ....
#.....©.....#.### ....
#.# .#.#..#!#.'.# .....
#.. #...##..#.#.# .....
#..##...##..#.#.#
......#.#..#.#O.#.#.#.#
#....#WO...O$....#.#.#
#....#############.#.#
#....@@...©.©......#.#
#.....S......#....)#.#
#............#.#####.#
#............#.##....#
#............#.##.####
#............#.##.#
......#########<...#
###### ##.### ........#


You could see 3 ogres, Terence, Yajnam's ghost and a ball python.

Vanquished Creatures
  A worm (D:2)
  2 endoplasms
  3 giant cockroaches (D:2)
  4 hobgoblins
  2 quokkas (D:2)
  A ball python (D:1)
  2 bats
  A frilled lizard (D:2)
  3 goblins
  A kobold (D:2)
  2 rats
22 creatures vanquished.

Notes
Turn   | Place    | Note
-------+----------+-------------------------------------------
     0 | D:1      | ZARRMARR the Octopode Conjurer began the quest for the Orb.
     0 | D:1      | Reached XP level 1. HP: 11/11 MP: 3/3
   803 | D:1      | Reached XP level 2. HP: 14/17 MP: 0/5
  1061 | D:1      | Learned a level 2 spell: Searing Ray
  1071 | D:2      | Found an ancient bone altar of Kikubaaqudgha.
  1072 | D:2      | Got the Disquisition on Fire and Arcane Weapons
  2165 | D:2      | Reached XP level 3. HP: 22/22 MP: 3/6
  2363 | D:2      | Learned a level 3 spell: Stone Arrow
  2436 | D:3      | Found a transporter.
  2457 | D:3      | Noticed Yajnam's ghost (amateur DrWn)
  2458 | D:3      | Noticed an ogre
  2458 | D:3      | Noticed an ogre
  2462 | D:3      | Found a transporter.
  2466 | D:3      | Noticed Terence
  2478 | D:3      | Noticed an ogre
  2478 | D:3      | Mangled by Terence

Illustrated notes

Levels and vault maps discovered:
D:1:      lightli_arrival_lavapool, layout_loops_ring, serial_bayou_lagoon_b
D:2:      layout_basic, basic_altar
D:3:      layout_basic, gammafunk_ghost_smash, skrybe_limestone_x, st_stairs_6,
          uniq_sigmund, uniq_natasha, uniq_terence

Skill      XL: |  1  2 |
---------------+-------+-----
Stealth        | 3 |  3.0
Fighting       | |  0.6
Dodging        | |  2.2
Spellcasting   | |  2.2
Conjurations   | |  4.2
Earth Magic    | |  0.7

Action                   || total
-------------------------++-------
Melee: Unarmed           ||    13
       Constrict         ||     3
       Tentacles         ||     1
 Cast: Magic Dart        ||    37
       Searing Ray       ||     3
       Stone Arrow       ||     2
  Use: Scroll            ||     4
Armor: Skin              ||     1
Dodge: Dodged            ||     9
